Map: [ESL] Alcyone

Players

Bunny

  • Race: Terran Terran
  • Spawn Location: 7:00

GuMiho - Winner!

  • Race: Terran Terran
  • Spawn Location: 1:00

Event: ESL SC2 Masters 2023 Winter (Finals)

VOD

Have the link to the VOD?

Description

Time

  • Played on: Dec. 16, 2023, 9:30 a.m.
  • Length: 10:34

All games in this series

Show
View Real Time Build Order
Export as new Build Order

Bunny Terran 

Build Orders: Mech, Banshee Rush 

Get SALT Encoding   

  12  0:00  SCV  
  13  0:12  SCV  
  14  0:17  Supply Depot  
  14  0:24  SCV  
  15  0:38  SCV  
  15  0:41  Barracks  
  15  0:42  Refinery  
  16  0:50  SCV  
  16  0:52  Refinery  
  17  1:03  SCV  
  18  1:15  SCV  
  19  1:28  Orbital Command, Reaper  
  20  1:33  Supply Depot  
  20  1:40  Factory  
  20  1:53  SCV  
  21  2:01  Reaper  
  22  2:05  SCV  
  23  2:17  Command Center  
  23  2:18  SCV  
  23  2:23  Hellion  
  25  2:30  SCV  
  25  2:33  Reaper  
  26  2:42  SCV  
  27  2:45  Hellion  
  29  2:51  Supply Depot  
  29  2:54  SCV  
  29  3:00  Starport  
  29  3:06  Cyclone  
  31  3:13  SCV  
  31  3:17  Barracks Tech Lab  
  32  3:25  SCV  
  32  3:26  Supply Depot  
  33  3:37  SCV  
  34  3:42  Factory Tech Lab  
  34  3:43  Banshee, Cloaking Field  
  34  3:48  Orbital Command  
  37  3:50  SCV  
  38  4:00  Siege Tank  
  38  4:02  SCV  
  42  4:13  SCV  
  42  4:14  SCV  
  44  4:17  Command Center  
  44  4:25  Banshee  
  44  4:27  Barracks Reactor  
  44  4:28  SCV  
  44  4:29  SCV  
  48  4:32  Refinery  
  48  4:41  SCV x2  
  48  4:45  Hyperflight Rotors  
  50  4:53  SCV x2  
  50  4:54  Refinery  
  50  4:57  Supply Depot  
  55  5:05  SCV x2  
  57  5:15  Marine x2  
  57  5:17  SCV x2  
  57  5:18  Supply Depot  
  64  5:29  SCV x2  
  64  5:33  Marine x2  
  68  5:36  Cyclone  
  68  5:38  Raven  
  68  5:39  Engineering Bay  
  68  5:41  Orbital Command, SCV  
  68  5:42  SCV  
  65  5:52  Marine  
  65  5:53  Marine  
  65  5:54  SCV x2  
  67  6:06  SCV x2  
  67  6:09  Cyclone  
  67  6:10  Marine x2  
  42  6:20  SCV x3  
  43  6:32  SCV x2  
  44  6:35  Factory, Hurricane Engines  
  44  6:38  Factory  
  44  6:40  SCV  
  44  6:41  Cyclone  
  44  6:44  Banshee, SCV x2  
  52  6:52  SCV  
  53  6:55  Missile Turret  
  53  6:56  SCV x2  
  55  7:04  SCV  
  55  7:08  SCV x2  
  56  7:14  Cyclone  
  58  7:18  SCV  
  58  7:20  SCV x2  
  61  7:25  Cyclone x2, Factory Reactor  
  61  7:27  Banshee  
  68  7:33  SCV x2  
  68  7:34  Orbital Command  
  71  7:40  Armory  
  70  7:45  SCV x2  
  72  7:57  Cyclone x2  
  72  7:58  Siege Tank  
  79  7:59  SCV x2  
  79  8:01  SCV  
  81  8:09  Banshee, Cyclone  
  81  8:10  Cyclone  
  88  8:14  SCV x3  
  90  8:26  SCV x3  
  82  8:29  Cyclone, Refinery  
  82  8:30  Refinery  
  82  8:33  Missile Turret  
  80  8:38  SCV x3  
  77  8:50  SCV x3  
  77  8:52  Banshee  
  77  8:53  Siege Tank  
  77  8:54  Cyclone x3  
  89  9:01  Cyclone, Missile Turret  
  91  9:05  Factory  
  91  9:09  Factory, SCV x2  
  93  9:14  Supply Depot  
  93  9:15  Supply Depot x2  
  92  9:24  SCV  
  92  9:36  Siege Tank, Banshee, Cyclone x3  
  104  9:39  SCV  
  104  9:40  SCV x2  
  107  9:55  SCV x3  
Show
View Real Time Build Order
Export as new Build Order

GuMiho Terran - Winner!

Build Orders: Reaper Expand, Mech, Banshee Rush 

Get SALT Encoding   

  12  0:00  SCV  
  13  0:12  SCV  
  14  0:17  Supply Depot  
  14  0:24  SCV  
  15  0:38  SCV  
  15  0:40  Barracks  
  16  0:42  Refinery  
  16  0:50  SCV  
  17  1:03  SCV  
  18  1:16  SCV  
  19  1:26  Reaper  
  19  1:28  Orbital Command  
  20  1:41  Command Center  
  20  1:48  Refinery  
  20  1:54  SCV  
  21  1:58  Reaper  
  22  2:02  Supply Depot  
  22  2:06  SCV  
  23  2:20  Factory  
  23  2:24  SCV  
  24  2:36  SCV  
  24  2:37  Barracks Reactor  
  24  2:48  SCV  
  24  2:53  Orbital Command  
  24  3:00  SCV  
  24  3:05  Starport  
  24  3:10  Refinery  
  24  3:16  Cyclone x2, SCV  
  29  3:20  Barracks Tech Lab  
  29  3:21  SCV  
  30  3:28  SCV  
  30  3:33  SCV  
  32  3:36  Supply Depot  
  32  3:41  SCV  
  33  3:45  SCV  
  34  3:50  Banshee, Cloaking Field  
  34  3:53  SCV  
  38  3:58  SCV  
  38  4:00  Supply Depot  
  38  4:02  Cyclone  
  41  4:04  Cyclone  
  41  4:05  SCV  
  44  4:10  SCV  
  45  4:17  SCV  
  45  4:22  SCV  
  46  4:25  Supply Depot  
  46  4:29  SCV  
  47  4:33  Banshee  
  47  4:34  Cyclone, SCV  
  47  4:36  Cyclone  
  55  4:41  SCV  
  56  4:46  SCV  
  57  4:53  SCV  
  57  4:55  Refinery, Hyperflight Rotors  
  57  4:57  Command Center  
  58  5:00  Barracks Tech Lab  
  58  5:02  SCV  
  58  5:03  Factory  
  58  5:04  Supply Depot  
  58  5:05  SCV  
  60  5:08  Cyclone  
  60  5:13  Cyclone  
  64  5:21  Banshee  
  64  5:25  SCV x2  
  69  5:29  Supply Depot  
  69  5:37  SCV x2  
  69  5:38  Engineering Bay  
  69  5:41  Cyclone  
  73  5:49  SCV x2  
  75  5:51  Cyclone  
  77  6:11  SCV x2  
  77  6:13  Cyclone  
  72  6:19  Banshee  
  72  6:23  Cyclone, SCV x2  
  72  6:26  Supply Depot x2  
  72  6:29  Factory  
  72  6:31  Missile Turret  
  70  6:35  Orbital Command, Missile Turret, SCV x2  
  70  6:37  Cyclone, Hurricane Engines  
  70  6:38  Missile Turret  
  70  6:39  Missile Turret  
  74  6:47  SCV x2  
  76  6:58  Factory x2  
  76  6:59  SCV x2  
  76  7:00  Cyclone  
  80  7:01  Cyclone  
  80  7:02  SCV  
  83  7:09  Cyclone  
  83  7:11  SCV x2  
  87  7:17  SCV  
  87  7:20  Factory Tech Lab, Missile Turret  
  87  7:21  Banshee  
  91  7:23  SCV  
  91  7:24  SCV  
  91  7:29  SCV  
  93  7:35  SCV  
  93  7:37  Command Center, SCV  
  93  7:41  Siege Tank x2, SCV  
  93  7:42  Factory Tech Lab  
  93  7:43  Factory Reactor  
  100  7:46  Hellion  
  100  7:47  Hellion  
  100  7:48  SCV  
  102  7:53  SCV x2  
  101  7:58  Supply Depot  
  101  7:59  Supply Depot  
  101  8:00  SCV  
  101  8:01  Cyclone, Refinery x2  
  104  8:07  Banshee  
  104  8:08  Cyclone  
  104  8:09  Cyclone  
  111  8:13  Cyclone  
  111  8:14  Cyclone  
  101  8:27  Cyclone x2  
  101  8:30  SCV x2  
  101  8:33  Cyclone  
  105  8:40  Cyclone  
  105  8:41  Cyclone  
  109  8:44  SCV x2  
  109  8:45  Cyclone, SCV  
  109  8:46  Cyclone  
  114  8:56  SCV  
  114  8:59  Cyclone x2  
  114  9:00  Command Center  
  119  9:05  Cyclone  
  121  9:12  Cyclone  
  121  9:13  Cyclone  
  125  9:17  Cyclone  
  125  9:18  Cyclone  
  125  9:21  Refinery  
  125  9:22  Raven  
  131  9:24  Missile Turret  
  131  9:27  Refinery  
  131  9:29  Supply Depot  
  131  9:30  Orbital Command  
  133  9:31  Cyclone x2  
  133  9:37  Cyclone, Armory x2  
  137  9:44  Cyclone, Missile Turret  
  137  9:45  Cyclone  
  141  9:49  Cyclone  
  141  9:52  Cyclone  
  143  10:04  Hellion, SCV  
  145  10:10  Hellion  
Tags
 
Add a new tag
Caveats
  • Supply blocks, unpowered buildings, or Contaminate may cause inaccurate times.
  • Supply counts are checked every 10 seconds.